AoeStats
← lgnet

Arena

504244460Analyzed
1v1 RM · 27d ago on Sep 4, 2026· 40m 2s· 2 players
Game mode
Random Map
Map size
Tiny (2 player)
Population
200
Speed
Normal
Resources
Standard
Victory
Conquest
Starting age
Dark Age
Ending age
Imperial Age
RankedLock teamsTeams togetherTeam positionsShared explorationLock speedFull tech treeHidden civsTurbo modeCheats
Victory
Defeat
🇫🇷 Spanish · France
1105
+14
🇫🇷 Persians · France
1071
-14
Sakuko
11:17 Feudal Age
15:11 Castle Age
14:12 Double-Bit Axe
14:08 Horse Collar
16:37 Loom
17:07 Bow Saw
17:01 Heavy Plow
19:30 Gold Mining
26:48 Wheelbarrow
27:07 Town Watch
27:43 Padded Archer Armor
34:06 Hand Cart
37:29 Bloodlines
37:19 Husbandry
lgnet
4:17 Loom
10:55 Feudal Age
15:54 Castle Age
14:19 Double-Bit Axe
14:31 Horse Collar
14:55 Stone Mining
17:06 Wheelbarrow
17:29 Heavy Plow
21:22 Fletching
24:17 Gold Mining
26:10 Ballistics
26:12 Bodkin Arrow
31:45 Hand Cart
36:36 Gold Shaft Mining
36:36 Stone Shaft Mining
37:26 Light Cavalry
Connection lost

Rejoining the realm…

Still unreachable

The connection could not be restored.

Session expired

The server has moved on; the page needs a fresh start.